 Dungeon Crawl Stone Soup version 0.20-a0-256-gabb291d (webtiles) character file.

13799 patrickswayze the Covert (level 11, -2/58 HPs)
             Began as a Deep Elf Chaos Knight on Nov 30, 2016.
             Shot with an arrow by Nessos (3 damage)
             ... on level 4 of the Lair of Beasts on Dec 1, 2016.
             The game lasted 00:29:01 (12300 turns).

patrickswayze the Covert (Deep Elf Chaos Knight)   Turns: 12300, Time: 00:29:02

Health: -2/58      AC: 13    Str: 13    XL:     11   Next: 80%
Magic:  13/13      EV: 18    Int: 18    God:    Xom [.*....]
Gold:   1786       SH:  0    Dex: 22    Spells: 1/10 levels left

rFire  + . .     SeeInvis .     b - +9 sword of Zonguldrok {reap}
rCold  . . .     Gourm    .     y - +2 ring mail "Ruiga" {+Fly Str+4 Slay+2}
rNeg   . . .     Faith    .     (no shield)
rPois  +         Spirit   .     o - +0 helmet
rElec  .         Reflect  .     H - +2 cloak
rCorr  .         Harm     .     j - +0 pair of gloves
MR     +....                    G - +0 pair of boots
Stlth  +++++.....               (no amulet)
                                R - +5 ring of dexterity
                                d - ring of protection from fire

@: lethally poisoned (-2 -> -14), drained
A: talons 1, blurry vision 1, poison resistance, regeneration 1, screaming 1
a: Renounce Religion, Evoke Flight


You were on level 4 of the Lair of Beasts.
You worshipped Xom.
You were a plaything of Xom.
You were not hungry.

You visited 2 branches of the dungeon, and saw 14 of its levels.

You collected 1786 gold pieces.


Innate Abilities, Weirdness & Mutations

You have sharp toenails.
Scrolls take you a little longer to read.
Your system is resistant to poisons. (rPois)
Your natural rate of healing is unusually fast.
You occasionally shout uncontrollably at your foes.


   Skills:
 - Level 2.4(1.6) Fighting
 - Level 3.0(8.2) Short Blades
 - Level 12.0(11.1) Long Blades
 - Level 0.7(0.0) Armour
 - Level 10.1(9.1) Dodging
 + Level 13.9(12.8) Stealth


You had one spell level left.
You knew the following spells:

 Your Spells              Type           Power        Failure   Level  Hunger
a - Confuse               Hex            #.......     97%         3    ####...
e - Ensorcelled Hibernat  Hex/Ice        #.....       75%         2    ###....
X - Tukima's Dance        Hex            #.......     97%         3    ####...
Z - Corona                Hex            #......      50%         1    ##.....

Inventory:

Hand Weapons
 a - a +0 short sword of chaos
 b - the +9 sword of Zonguldrok (weapon) {reap}
   (You found it on level 4 of the Dungeon)

   If a monster killed with it leaves a corpse in good enough shape, the corpse
   will be animated as a zombie friendly to the killer.
Missiles
 k - 313 stones (quivered)
Armour
 j - a +0 pair of gloves (worn)
 o - a +0 helmet (worn)
 y - the +2 ring mail "Ruiga" (worn) {+Fly Str+4 Slay+2}
   (You found it on level 3 of the Lair of Beasts)

   It affects your strength (+4).
   It affects your accuracy and damage with ranged weapons and melee attacks
   (+2).
   It lets you fly.
 G - a +0 pair of boots (worn)
 H - a +2 cloak (worn)
Rods
 J - a +6 lightning rod (14/14)
   (You found it on level 8 of the Dungeon)
Jewellery
 d - a ring of protection from fire (left hand)
 x - an uncursed ring of fire
 C - an uncursed ring of ice
 L - an uncursed ring of positive energy
 R - a +5 ring of dexterity (right hand)
 U - an uncursed ring of wizardry {unknown}
Wands
 f - a wand of confusion (12/48)
 s - a wand of iceblast (2/15)
 t - a wand of digging (14/24)
 v - a wand of slowing (17/48)
 F - a wand of flame (4/48)
 P - a wand of iceblast (0/15)
 Q - a wand of disintegration (14/24)
 V - a wand of confusion (26/48)
Scrolls
 i - a scroll of identify
 n - 2 scrolls of amnesia
 p - 6 scrolls of teleportation
 r - 3 scrolls of fog
 z - 2 scrolls of vulnerability {unknown}
 D - a scroll of random uselessness {unknown}
 E - 2 scrolls of immolation {unknown}
 I - 5 scrolls of remove curse
Potions
 e - 2 potions of cure mutation {!q}
 h - a potion of haste {unknown}
 l - a potion of beneficial mutation {unknown}
 m - 3 potions of agility
 q - a potion of resistance {unknown}
 u - a potion of mutation {unknown}
 w - a potion of brilliance {unknown}
 B - a potion of magic
 M - 2 potions of lignification {unknown}
 N - a potion of might
 O - a potion of curing
 S - a potion of ambrosia
Books
 A - a book of Maledictions

   Spells                             Type                      Level
   a - Corona                         Hexes                        1
   b - Ensorcelled Hibernation        Hexes/Ice                    2
   c - Confuse                        Hexes                        3
   d - Tukima's Dance                 Hexes                        3
   e - Dazzling Spray                 Conjuration/Hexes            3
 T - a book of Debilitation

   Spells                             Type                      Level
   a - Corona                         Hexes                        1
   b - Slow                           Hexes                        2
   c - Gell's Gravitas                Hexes/Translocation          3
   d - Inner Flame                    Hexes/Fire                   3
   e - Cause Fear                     Hexes                        4
   f - Leda's Liquefaction            Hexes/Earth                  4
Comestibles
 c - 8 bread rations
 g - 8 meat rations


Message History

You feel better.
Nessos shoots an arrow.
The arrow completely misses you.
Really read with blurry vision while enemies are nearby? [Y]es or [N]o only, please.
Really read with blurry vision while enemies are nearby?
Okay, then.
You feel better.
Nessos shoots an arrow.
The arrow completely misses you.
Put on which piece of jewellery? (? for menu, Esc to quit)
Okay, then.
Evoke which item? (* to show all) (? for menu, Esc to quit)
Zapping:
t - a wand of digging (?/24) (will waste charges)
Press: ? - help, Shift-Dir - straight line The rock shatters into small pieces.
Evoking this partially-identified wand wasted a few charges.
Nessos shoots an arrow.
The arrow closely misses you.
Nessos shoots an arrow.
The arrow hits you!!
* * * LOW HITPOINT WARNING * * *
The arrow burns you.
You are lethally poisoned!
You die...
Xom cackles wildly!

# ###### #.#..#@#
#.c..(###
#......P### ###
##....(P#.###.####
#...##...........#
##.# ##(..##.#..##
#.
#########..######
# #.....##.
##.......


You could see Nessos.

Vanquished Creatures
  A hydra (Lair:2)
  A hill giant (Lair:2)
  A spiny frog (Lair:3)
  A rime drake (Lair:3)
  3 komodo dragons
  2 two-headed ogres
  A hippogriff (D:9)
  4 blink frogs (Lair:3)
  A vampire (D:8)
  A spriggan (D:7)
  A fire elemental (Lair:1)
  7 yaks
  2 basilisks
  2 hungry ghosts
  Menkaure (D:7)
  5 soldier ants (Lair:3)
  Edmund (D:6)
  2 porcupines (Lair:1)
  6 water moccasins
  2 orc warriors
  A phantom (D:9)
  4 sky beasts
  4 ice beasts
  A wolf (Lair:3)
  7 ogres
  5 centaurs
  7 crocodiles
  A big kobold (D:7)
  9 bullfrogs
  A scorpion (D:9)
  5 killer bees
  4 howler monkeys
  An electric eel (Lair:1)
  4 bullfrog zombies
  A crimson imp (D:6)
  An orc priest (D:7)
  3 hounds
  4 orc wizards
  A centaur skeleton (D:5)
  2 jellies
  An iguana (shapeshifter) (D:4)
  4 iguanas
  10 worker ants
  A hound zombie (D:5)
  A howler monkey zombie (D:7)
  11 gnolls
  9 adders
  3 shadow imps
  2 adder skeletons
  2 dart slugs (D:1)
  3 leopard geckos
  An orc (shapeshifter) (D:2)
  21 orcs
  11 giant cockroaches
  7 goblins
  8 hobgoblins
  9 jackals
  3 quokkas
  3 ball pythons
  11 bats
  5 frilled lizards
  A giant cockroach zombie (D:6)
  8 kobolds
  A leopard gecko skeleton (D:5)
  A leopard gecko zombie (D:6)
  5 rats (D:1)
  A fungus (Lair:3)
254 creatures vanquished.

Vanquished Creatures (collateral kills)
  A hydra (Lair:1)
  A troll (D:9)
  3 hippogriffs
  2 yaks (Lair:1)
  A wyvern (D:8)
  A porcupine (Lair:3)
  An orc warrior (D:8)
  A phantom (D:4)
  A scorpion (D:9)
  3 killer bees
  A howler monkey (D:7)
  A lava snake (Lair:1)
  A hound (D:9)
  An orc wizard (D:8)
  A bullfrog skeleton (D:8)
  A gnoll (D:9)
  An adder (D:8)
  2 orcs
  A ball python (D:6)
  3 jackals
  2 kobolds (D:7)
  A fungus (Lair:2)
31 creatures vanquished.

Vanquished Creatures (others)
  A kobold (D:3)
  2 fungi (Lair:1)
  5 plants (Lair:3)
8 creatures vanquished.

Grand Total: 293 creatures vanquished

Notes
Turn   | Place    | Note
-------+----------+-------------------------------------------
     0 | D:1      | patrickswayze the Deep Elf Chaos Knight began the quest for the Orb.
     0 | D:1      | Reached XP level 1. HP: 13/13 MP: 3/3
   112 | D:1      | XOM: harmless Divn miscast
   118 | D:1      | Reached skill level 1 in Stealth
   422 | D:1      | Reached skill level 2 in Stealth
   473 | D:1      | Reached XP level 2. HP: 16/18 MP: 4/4
   529 | D:1      | XOM: smoke on damage
   532 | D:1      | Reached skill level 3 in Stealth
   566 | D:1      | HP: 3/18 [hobgoblin/club (6)]
   802 | D:1      | XOM: butterfly on damage
   803 | D:1      | Reached XP level 3. HP: 8/22 MP: 5/5
   858 | D:1      | XOM: medium Air miscast
  1318 | D:2      | Reached skill level 4 in Stealth
  1558 | D:1      | HP: 4/22 [bat (1)]
  1841 | D:1      | XOM: silly message
  1984 | D:2      | Reached XP level 4. HP: 19/27 MP: 6/6
  2034 | D:2      | Reached skill level 5 in Stealth
  2147 | D:3      | XOM: harmless Tloc miscast
  2681 | D:3      | Reached skill level 6 in Stealth
  3181 | D:4      | Reached XP level 5. HP: 22/31 MP: 7/7
  3306 | D:4      | Reached skill level 7 in Stealth
  3526 | D:4      | XOM: smoke on damage
  3740 | D:4      | Found a shimmering altar of Xom.
  3742 | D:4      | Got a warped ring mail
  3742 | D:4      | XOM: god gift: 930 gold pieces
  3866 | D:4      | XOM: noise
  3977 | D:4      | XOM: summons 2 friendly demons
  4028 | D:4      | XOM: polymorph hound -> iguana
  4030 | D:4      | Reached skill level 8 in Stealth
  4030 | D:4      | Reached XP level 6. HP: 8/36 MP: 8/8
  4180 | D:4      | XOM: give mutation
  4180 | D:4      | Gained mutation: Your natural rate of healing is unusually fast. [Xom's grace]
  4329 | D:4      | XOM: summons friendly ufetubus
  4334 | D:4      | Reached skill level 1 in Long Blades
  4359 | D:4      | XOM: scenery: create altars
  4576 | D:4      | XOM: cleaving
  4578 | D:4      | XOM: summons 6 friendly demons
  4595 | D:4      | Reached XP level 7. HP: 40/40 MP: 9/9
  4657 | D:5      | Entered Level 5 of the Dungeon
  4687 | D:5      | Noticed nht's ghost (novice TrFi)
  4689 | D:5      | XOM: scenery: create altars
  4695 | D:5      | XOM: scenery: create altars
  4736 | D:5      | Reached skill level 3 in Long Blades
  4855 | D:5      | XOM: divination: magic mapping
  4912 | D:5      | Found a staircase to the Ecumenical Temple.
  5039 | D:5      | XOM: 1-stop teleportation journey
  5052 | D:5      | Found a blossoming altar of Fedhas.
  5096 | D:5      | Identified the +4 ring mail of Lokhywam {*Slow rElec rF+ rN+} (You found it on level 4 of the Dungeon)
  5246 | D:5      | XOM: give mutations
  5246 | D:5      | Gained mutation: You have sharp toenails. [Xom's grace]
  5246 | D:5      | Gained mutation: Your system is resistant to poisons. (rPois) [Xom's grace]
  5742 | D:6      | Reached XP level 8. HP: 45/45 MP: 10/10
  5766 | D:6      | Reached skill level 6 in Long Blades
  5781 | D:6      | XOM: fake destruction
  5785 | D:6      | XOM: smoke on damage
  5789 | D:6      | XOM: silly message
  5861 | D:6      | XOM: potion effect (might)
  6272 | D:6      | Noticed Edmund
  6281 | D:6      | Killed Edmund
  6493 | D:6      | XOM: potion effect (agility)
  6534 | D:6      | XOM: harmless Chrm miscast
  6713 | D:7      | Reached XP level 9. HP: 49/49 MP: 11/11
  6725 | D:7      | Noticed Menkaure
  6728 | D:7      | XOM: potion effect (brilliance)
  6730 | D:7      | XOM: harmless Necr miscast
  6732 | D:7      | Killed Menkaure
  6732 | D:7      | Reached skill level 9 in Long Blades
  6767 | D:7      | XOM: harmless Necr miscast
  6783 | D:7      | XOM: mild Tmut miscast
  6794 | D:7      | XOM: harmless Air miscast
  7159 | D:7      | XOM: butterfly on damage
  7199 | D:7      | XOM: harmless Necr miscast
  7490 | D:8      | XOM: potion effect (agility)
  7496 | D:8      | XOM: potion effect (brilliance)
  7506 | D:8      | XOM: god gift: runed flail {god gift}
  7774 | D:8      | XOM: mild Fire miscast
  7858 | D:8      | XOM: 2-stop teleportation journey
  7872 | D:8      | XOM: cleaving
  7951 | D:8      | Reached XP level 10. HP: 54/54 MP: 12/12
  8056 | D:8      | XOM: scenery: create altars
  8249 | D:8      | HP: 7/54 [killer bee (4)]
  8430 | D:8      | Reached skill level 12 in Long Blades
  8746 | D:9      | Reached skill level 3 in Dodging
  8749 | D:9      | XOM: god gift: 16 stones
  8898 | D:9      | Found a staircase to the Lair.
  8939 | D:9      | XOM: fake destruction
  8947 | D:9      | Reached skill level 6 in Dodging
  8966 | D:9      | XOM: scenery: create altars
  9356 | D:10     | Entered Level 10 of the Dungeon
  9381 | Lair:1   | Entered Level 1 of the Lair of Beasts
  9498 | Lair:1   | HP: 3/54 [komodo dragon (26)]
  9551 | Lair:1   | HP: 3/54 [komodo dragon (19)]
  9664 | Lair:1   | Reached skill level 9 in Dodging
  9707 | Lair:1   | Noticed a six-headed hydra
  9738 | Lair:1   | XOM: blink monster(s)
  9750 | Lair:1   | XOM: enchant monster (good)
  9789 | Lair:1   | Reached XP level 11. HP: 58/58 MP: 13/13
 10072 | Lair:1   | XOM is BORED!
 10072 | Lair:1   | XOM: medium Tloc miscast
 10084 | Lair:1   | Upgraded the game from 0.20-a0-251-g16a58bf to 0.20-a0-256-gabb291d
 10181 | Lair:1   | XOM: summons 3 friendly demons
 10200 | Lair:1   | Killed a seven-headed hydra
 10200 | Lair:1   | Reached skill level 9 in Stealth
 10273 | Lair:1   | Learned a level 3 spell: Confuse
 10276 | Lair:1   | Learned a level 2 spell: Ensorcelled Hibernation
 10278 | Lair:1   | Learned a level 1 spell: Corona
 10282 | Lair:1   | Learned a level 3 spell: Tukima's Dance
 10348 | Lair:2   | XOM: scenery: create altars
 10406 | Lair:2   | Noticed an eight-headed hydra
 10451 | Lair:2   | Noticed a six-headed hydra
 10458 | Lair:2   | XOM: destruction
 10464 | Lair:2   | XOM: enchant monster (good)
 10470 | Lair:2   | XOM: enchant monster (good)
 10470 | Lair:2   | HP: 6/58 [six-headed hydra (6)]
 10476 | Lair:2   | XOM: destruction
 10488 | Lair:2   | a six-headed hydra changed into a tyrant leech
 10488 | Lair:2   | XOM: polymorph six-headed hydra -> tyrant leech
 10489 | Lair:2   | XOM: potion effect (berserk rage)
 10506 | Lair:2   | XOM: divination: detect items
 10518 | Lair:1   | XOM: noise
 10624 | Lair:2   | XOM: confuse monster(s)
 10636 | Lair:2   | Killed an eight-headed hydra
 10636 | Lair:2   | Reached skill level 10 in Stealth
 10636 | Lair:2   | Noticed a hill giant
 10636 | Lair:2   | a tyrant leech changed into a hill giant
 10636 | Lair:2   | XOM: polymorph tyrant leech -> hill giant
 10637 | Lair:2   | XOM: harmless Ice miscast
 10644 | Lair:2   | XOM: butterfly on damage
 10645 | Lair:2   | Killed a hill giant
 10701 | Lair:2   | Reached skill level 11 in Stealth
 11015 | Lair:2   | Noticed a lindwurm
 11060 | Lair:3   | XOM: medium Fire miscast
 11071 | Lair:3   | XOM: enchant monster (good)
 11083 | Lair:3   | Reached skill level 12 in Stealth
 11091 | Lair:3   | XOM: polymorph blink frog -> two-headed ogre
 11208 | Lair:3   | XOM: butterfly on damage
 11212 | Lair:3   | XOM: 1-stop teleportation journey
 11227 | Lair:3   | Found a staircase to the Snake Pit.
 11253 | Lair:3   | Reached skill level 13 in Stealth
 11258 | Lair:3   | Noticed a queen ant
 11265 | Lair:3   | XOM: 5-stop teleportation journey
 11418 | Lair:3   | XOM: summons 1 hostile shadow creature
 11648 | Lair:3   | Noticed a five-headed hydra
 11689 | Lair:3   | HP: 11/58 [queen ant (4)]
 11694 | Lair:3   | HP: 5/58 [poisoned by a queen ant]
 11696 | Lair:3   | Noticed an emperor scorpion
 11696 | Lair:3   | a queen ant changed into an emperor scorpion
 11696 | Lair:3   | XOM: polymorph queen ant -> emperor scorpion
 11700 | Lair:3   | XOM: confuse monster(s)
 11701 | Lair:3   | XOM: cleaving
 11707 | Lair:3   | HP: 6/58 [emperor scorpion (24)]
 11707 | Lair:3   | XOM: smoke on damage
 11707 | Lair:3   | HP: 1/58 [emperor scorpion (5)]
 11709 | Lair:3   | XOM: enchant monster (bad)
 11712 | Lair:3   | HP: 5/58 [poisoned by a queen ant]
 11867 | Lair:3   | XOM: confusion (+ monsters)
 11872 | Lair:3   | XOM: smoke on damage
 11878 | Lair:3   | XOM: fog
 11887 | Lair:3   | XOM: confuse monster(s)
 11891 | Lair:3   | XOM: summons friendly quasit
 11982 | Lair:3   | XOM: confuse monster(s)
 11985 | Lair:3   | XOM: noise
 12034 | Lair:3   | Got a heavily runed ring mail
 12041 | Lair:3   | XOM: draining
 12071 | Lair:3   | Identified the +2 ring mail "Ruiga" {+Fly Str+4 Slay+2} (You found it on level 3 of the Lair of Beasts)
 12158 | Lair:3   | XOM: give mutations
 12158 | Lair:3   | Gained mutation: Scrolls take you a little longer to read. [Xom's mischief]
 12158 | Lair:3   | Gained mutation: You occasionally shout uncontrollably at your foes. [Xom's mischief]
 12281 | Lair:4   | Noticed Nessos
 12296 | Lair:4   | HP: 10/58 [Nessos/arrow (22)]
 12300 | Lair:4   | HP: 1/58 [Nessos/arrow (21)]
 12300 | Lair:4   | Shot with an arrow by Nessos

Vault maps used:
D:1:      minmay_arrival_wavy_path, hex_large
D:2:      first_bread
D:3:      hangedman_decor_opposing
D:4:      tgw_xom
D:5:      fedhas_altar_4
D:6:      uniq_edmund
D:7:      the_bakery, uniq_menkaure
D:8:      kennysheep_generic_room_8
D:9:      david_lair_generic
D:10:     orc_0_dummy, serial_shops, nicolae_shop_window_shopping,
          uniq_josephine, uniq_joseph, uniq_gastronok, uniq_grum
Lair:1:   infiniplex_staircase_pool, grunt_megastairs_2
Lair:2:   minmay_lindwurm_lava
Lair:3:   regret_index_combs_of_tragedy, dummy_snake_entry, wad_woods_antlair
Lair:4:   minmay_shoals_entry_beasts, uniq_nessos

Action                   |  1- 3 |  4- 6 |  7- 9 | 10-12 || total
-------------------------+-------+-------+-------+-------++-------
Melee: Short sword       |   134 |   165 |    63 |       ||   362
       Double sword      |       |    12 |   145 |   283 ||   440
       Dagger            |       |       |    54 |       ||    54
       Kick              |       |       |    21 |       ||    21
Throw: Stone             |       |       |     1 |     1 ||     2
Evoke: Wand              |       |     2 |     6 |    11 ||    19
       Sack of spiders   |       |       |       |     3 ||     3
       Rod               |       |       |       |     1 ||     1
  Use: Scroll            |     3 |     4 |     1 |    17 ||    25
       Potion            |     2 |     1 |       |     8 ||    11
 Stab: Sleeping          |     3 |     5 |    27 |    13 ||    48
       Confused          |       |     3 |       |     2 ||     5
       Paralysed         |       |     3 |       |       ||     3
       Petrified         |       |     1 |       |       ||     1
       Distracted        |       |     1 |     4 |     1 ||     6
  Eat: Chunk             |     3 |     5 |     5 |     2 ||    15
       Meat ration       |       |     1 |       |       ||     1
       Beef jerky        |       |       |     1 |       ||     1
       Fruit             |       |       |     2 |       ||     2
       Bread ration      |       |       |       |     4 ||     4
       Pizza             |       |       |       |     1 ||     1
Armor: Leather armour    |    46 |    54 |    69 |    15 ||   184
       Ring mail         |       |       |       |    33 ||    33
       Troll leather arm |       |       |       |    13 ||    13
Dodge: Dodged            |   114 |   116 |   128 |   203 ||   561
       Rpst.: Double sword |       |     2 |    18 |    56 ||    76
